 Dungeon Crawl Stone Soup version 0.30-a0-953-g5f1da4a474 (webtiles) character file.

Game seed: 7607419238847579549

38 voltaire321 the Digger (level 3, 0/20 HPs)
             Began as a Gargoyle Earth Elementalist on Mar 29, 2023.
             Slain by Terence
             ... wielding a +0 flail
              (3 damage)
             ... on level 2 of the Dungeon.
             The game lasted 00:04:04 (952 turns).

voltaire321 the Digger (Gargoyle Earth Elementalist) Turns: 952, Time: 00:04:04

Health: 0/20       AC:  6    Str: 13    XL:     3   Next: 43%
Magic:  0/6        EV: 12    Int: 15    God:
Gold:   62         SH:  0    Dex: 10    Spells: 0/6 levels left

rFire   . . .      SeeInvis .    c - +0 short sword
rCold   . . .      Faith    .    (no shield)
rNeg    + . .      Spirit   .    a - +0 robe
rPois   ∞          Reflect  .    (no helmet)
rElec   +          Rampage  .    g - +0 cloak
rCorr   .                        (no gloves)
Will    .....                    (no boots)
Stlth   ++                       (no amulet)
HPRegen 0.23/turn                (no ring)
MPRegen 0.10/turn                (no ring)

@: no status effects
A: sickness immunity, AC +3, negative energy resistance 1, electricity
resistance, torment resistance 1, petrification resistance
a: no special abilities


You were on level 2 of the Dungeon.
You visited 1 branch of the dungeon, and saw 2 of its levels.

You collected 62 gold pieces.

Inventory:

Hand Weapons
 c - a +0 short sword (weapon)
Armour
 a - a +0 robe (worn)
 g - a +0 cloak (worn)
Scrolls
 d - 2 scrolls of identify {unknown}
 h - a scroll of enchant armour {unknown}
 i - a scroll of torment {unknown}
 j - a scroll of magic mapping {unknown}
Potions
 b - a potion of magic
 e - 2 potions of berserk rage {unknown}
 f - a potion of attraction {unknown}
 k - a potion of curing {unknown}
 l - a potion of resistance {unknown}
 m - 2 potions of brilliance {unknown}


   Skills:
 + Level 0.6 Fighting
 + Level 0.0 Armour
 + Level 1.9 Dodging
 - Level 2.4 Stealth
 + Level 2.3 Spellcasting
 + Level 0.0 Conjurations
 + Level 1.3 Transmutations
 + Level 4.0 Earth Magic


You couldn't memorise any spells.
You knew the following spells:

 Your Spells              Type           Power      Damage    Failure   Level
a - Sandblast             Erth           26%        2d8       4%          1
b - Passwall              Tmut/Erth      7%         N/A       11%         2
c - Stone Arrow           Conj/Erth      14%        3d7       28%         3

Your spell library contained the following spells:

 Spells                   Type           Power      Damage    Failure   Level
 Portal Projectile        Hex/Tloc       2%         N/A       54%         3
 Tukima's Dance           Hex            1%         N/A       54%         3
 Petrify                  Tmut/Erth      9%         N/A       56%         4
 Animate Armour           Summ/Erth      14%        N/A       67%         4
 Blade Hands              Tmut           2%         N/A       98%         5
 Lehudib's Crystal Spear  Conj/Erth      3%         10d3      100%        8


Dungeon Overview and Level Annotations

Branches:
Dungeon (2/15)

Altars:
Nemelex Xobeh

Annotations:
D:2 Terence


Innate Abilities, Weirdness & Mutations

You are immune to sickness and miasma.
Your stone body is resilient. (AC +3)
You are immune to poison.
You resist negative energy. (rN+)
You are resistant to electric shocks. (rElec)
You are resistant to unholy torment.
You are immune to petrification.


Message History

Press: ? - help, Q - select action, (/) - cycle Shift-Dir - straight line, f/p - Terence
Aim: Terence, wielding a +0 flail and wearing a +0 scale mail (lightly wounded, 84% to hit)
The blast of sand hits Terence but does no damage.
Terence is lightly wounded.
The bat hits you. Terence hits you with a +0 flail.
The bat hits you but does no damage. The bat misses you.
Terence bares his teeth.
The bat hits you. Terence attacks as you move away! Terence closely misses you.
The bat attacks as you move away! The bat misses you.
The bat closely misses you.
Your magical contamination has completely faded away.
There is an open door here.
Terence attacks as you move away! Terence hits you with a +0 flail!
* * * LOW HITPOINT WARNING * * *
The bat hits you but does no damage.
Aiming: Sandblast (safe; 4% risk of failure)
Press: ? - help, Q - select action, (/) - cycle Shift-Dir - straight line, f/p - Terence
Aim: Terence, wielding a +0 flail and wearing a +0 scale mail (84% to hit)
The blast of sand hits Terence but does no damage.
Terence barely misses you.
You hit Terence but do no damage. Terence closely misses you.
Aiming: Sandblast (safe; 4% risk of failure)
Press: ? - help, Q - select action, (/) - cycle Shift-Dir - straight line, f/p - Terence
Aim: Terence, wielding a +0 flail and wearing a +0 scale mail (84% to hit)
The blast of sand hits Terence but does no damage.
Terence barely misses you. Terence misses you.
Aiming: Sandblast (safe; 4% risk of failure)
Press: ? - help, Q - select action, (/) - cycle Shift-Dir - straight line, f/p - Terence
Aim: Terence, wielding a +0 flail and wearing a +0 scale mail (84% to hit)
The blast of sand hits Terence but does no damage.
Terence hits you with a +0 flail.
* * * LOW HITPOINT WARNING * * *
Aiming: Sandblast (safe; 4% risk of failure)
Press: ? - help, Q - select action, (/) - cycle Shift-Dir - straight line, f/p - Terence
Aim: Terence, wielding a +0 flail and wearing a +0 scale mail (84% to hit)
The blast of sand hits Terence.
Terence is moderately wounded.
Terence hits you with a +0 flail.
You die...

#^.........##
#.#......####### .#
#......####....##.# #
..######.# #....#..# .#
#...####.#
#......#####.##.
#....)..####..............
#####.##..†...###.......#
#..#.####.###.......#
#....# #..@@b......##..
#...># #####..........~
###### ##..........≈
+.....).....~
###+###.....~ ##.#.. ...
##


You could see Terence and a bat.

Vanquished Creatures
  An adder (D:2)
  A dart slug (D:1)
  A ball python (D:1)
  An endoplasm (D:1)
  A giant cockroach (D:2)
  A goblin (D:1)
  3 hobgoblins (D:1)
  5 kobolds
  3 quokkas (D:1)
  A bat (D:1)
  4 frilled lizards
  4 rats (D:1)
26 creatures vanquished.

Notes
Turn   | Place    | Note
-------+----------+-------------------------------------------
     0 | D:1      | voltaire321 the Gargoyle Earth Elementalist began the quest
                  | for the Orb.
     0 | D:1      | Reached XP level 1. HP: 10/10 MP: 3/3
    52 | D:1      | Reached skill level 1 in Transmutations
    52 | D:1      | Reached XP level 2. HP: 14/15 MP: 0/5
    59 | D:1      | Learned a level 2 spell: Passwall
   530 | D:1      | Reached XP level 3. HP: 20/20 MP: 4/6
   791 | D:2      | Found a sparkling altar of Nemelex Xobeh.
   807 | D:2      | Reached skill level 4 in Earth Magic
   911 | D:2      | Noticed Terence
   925 | D:2      | Learned a level 3 spell: Stone Arrow
   952 | D:2      | Slain by Terence

Illustrated notes

Levels and vault maps discovered:
D:1:      dpeg_arrival_erosion, layout_basic, chequers_serial_rivers_micro_d,
          minmay_pentomino_u4
D:2:      layout_basic, basic_altar, minivault_14, uniq_terence, uniq_jessica

Skill      XL: |  1  2  3 |
---------------+----------+-----
Transmutations | 1 |  1.3
Earth Magic    | 4 |  4.0
Fighting       | |  0.6
Dodging        | |  1.9
Stealth        | |  2.4
Spellcasting   | |  2.3

Action                     || total
---------------------------++-------
  Melee: Unarmed           ||     4
         Short sword       ||    15
         Punch             ||     1
   Cast: Sandblast         ||    39
 Armour: Robe              ||     6
  Dodge: Dodged            ||    31

Table legend: (Time is in decaauts)
 A = Elapsed time spent in this place.
 B = Non-inter-level travel time spent in this place.
 C = Inter-level travel time spent in this place.
 D = Time resting spent in this place.
 E = Time spent auto-exploring this place.
 F = Levels seen in this place.
 G = Mean time per level.
                   A        B        C        D        E       F      G
               +--------+--------+--------+--------+--------+-----+--------+
         Total |    970 |    954 |     16 |     47 |    640 |   2 |  485.0 |
       Dungeon |    970 |    954 |     16 |     47 |    640 |   2 |  485.0 |
               +--------+--------+--------+--------+--------+-----+--------+

Top non-repeatable levels by time:
     D:1: 758 daAuts
     D:2: 212 daAuts
